PCL
GRESHAM GOLD SOULS @ SANTA MONICA BRUINS
09/19/2026
 
TOP OF THE 1ST
Gresham Gold Souls batting - Pitching for Santa Monica Bruins : RHP Enrique Aguilera
Pitching: RHP Enrique Aguilera
Batting: LHB Bill Smith 0-0: Ball
1-0: Called Strike
1-1: Swinging Strike
1-2: Fly out, F8 (Flyball, 8RM)
Batting: SHB Sean Carr 0-0: Foul Ball, location: 2F
0-1: Called Strike
0-2: Strikes out swinging
Batting: RHB Peter Hensley 0-0: Ball
1-0: Called Strike
1-1: Foul Ball, location: 2F
1-2: Ball
2-2: Fly out, F7 (Flyball, 78M)
Top of the 1st over - 0 run(s), 0 hit(s), 0 error(s), 0 left on base; Gresham 0 - Santa Monica 0
BOTTOM OF THE 1ST
Santa Monica Bruins batting - Pitching for Gresham Gold Souls : LHP Kip Manning
Pitching: LHP Kip Manning
Batting: RHB Francisco Castillo 0-0: Ball
1-0: Reached on error, E6 (Groundball, 6)
Batting: RHB Luis Martínez 0-0: Called Strike
0-1: Ball
1-1: Called Strike
1-2: Foul Ball, location: 2F
1-2: Fly out, F6 (Line Drive, 6M)
Batting: RHB Phil White 0-0: Called Strike
0-1: Called Strike
0-2: Strikes out looking
Batting: LHB Ray Bryant 0-0: 2-RUN HOME RUN (Flyball, 9D), Distance : 362 ft
Batting: RHB Griswold Coleman 0-0: Called Strike
0-1: Called Strike
0-2: Strikes out swinging
Bottom of the 1st over - 2 run(s), 1 hit(s), 1 error(s), 0 left on base; Gresham 0 - Santa Monica 2
TOP OF THE 2ND
Gresham Gold Souls batting - Pitching for Santa Monica Bruins : RHP Enrique Aguilera
Batting: RHB Lorenzo Morín 0-0: Fly out, F6 (Popup, 4MD)
Batting: RHB Mario Méndez 0-0: Foul Ball, location: 2F
0-1: Swinging Strike
0-2: Strikes out swinging
Batting: RHB Matt Davidson 0-0: Ball
1-0: Called Strike
1-1: Called Strike
1-2: Strikes out swinging
Top of the 2nd over - 0 run(s), 0 hit(s), 0 error(s), 0 left on base; Gresham 0 - Santa Monica 2
BOTTOM OF THE 2ND
Santa Monica Bruins batting - Pitching for Gresham Gold Souls : LHP Kip Manning
Batting: LHB Harry Pitts 0-0: Called Strike
0-1: Ground out 6-3 (Groundball, 6)
Batting: RHB Armando Colón 0-0: Swinging Strike
0-1: Ground out 5-3 (Groundball, 56)
Batting: RHB Pablo Peña 0-0: Called Strike
0-1: Ball
1-1: Swinging Strike
1-2: Ball
2-2: Fly out, F3 (Line Drive, 34)
Bottom of the 2nd over - 0 run(s), 0 hit(s), 0 error(s), 0 left on base; Gresham 0 - Santa Monica 2
TOP OF THE 3RD
Gresham Gold Souls batting - Pitching for Santa Monica Bruins : RHP Enrique Aguilera
Batting: SHB Todd Smith 0-0: Called Strike
0-1: Called Strike
0-2: Strikes out swinging
Batting: RHB Pablo Castillo 0-0: Called Strike
0-1: Foul Ball, location: 2F
0-2: Ball
1-2: Ball
2-2: Foul Ball, location: 2F
2-2: Strikes out looking
Batting: RHB Jim Edgar 0-0: Ground out 3-1 (Groundball, 34)
Top of the 3rd over - 0 run(s), 0 hit(s), 0 error(s), 0 left on base; Gresham 0 - Santa Monica 2
BOTTOM OF THE 3RD
Santa Monica Bruins batting - Pitching for Gresham Gold Souls : LHP Kip Manning
Batting: RHB José García 0-0: Ball
1-0: Ball
2-0: Ball
3-0: Called Strike
3-1: Ground out 6-3 (Groundball, 6)
Batting: RHB Francisco Castillo 0-0: Foul Ball, location: 2F
0-1: Ball
1-1: Foul Ball, location: 2F
1-2: Strikes out swinging
Batting: RHB Luis Martínez 0-0: Called Strike
0-1: Called Strike
0-2: Ball
1-2: Strikes out swinging
Bottom of the 3rd over - 0 run(s), 0 hit(s), 0 error(s), 0 left on base; Gresham 0 - Santa Monica 2
TOP OF THE 4TH
Gresham Gold Souls batting - Pitching for Santa Monica Bruins : RHP Enrique Aguilera
Batting: LHB Bill Smith 0-0: Called Strike
0-1: Ball
1-1: Swinging Strike
1-2: DOUBLE (Line Drive, 89M)
Batting: SHB Sean Carr 0-0: Ball
1-0: Called Strike
1-1: Called Strike
1-2: Ball
2-2: Strikes out swinging
Batting: RHB Peter Hensley 0-0: Ball
1-0: Called Strike
1-1: Ball
2-1: Foul Ball, location: 2F
2-2: SINGLE (Groundball, 56D)
Bill Smith to third
Runner from 3rd tries for Home, SAFE, no throw or cutoff
Batting: RHB Lorenzo Morín 0-0: 2-RUN HOME RUN (Flyball, 7D), Distance : 345 ft
Batting: RHB Mario Méndez 0-0: SINGLE (Line Drive, 6M)
Batting: RHB Matt Davidson 0-0: Foul Ball, location: 2F
0-1: Ball
1-1: Foul Ball, location: 2F
1-2: Foul Ball, location: 2F
1-2: Ball
2-2: Foul Ball, location: 2F
2-2: Foul Ball, location: 2F
2-2: Grounds into double play, U4-3 (Groundball, 4)
Top of the 4th over - 3 run(s), 4 hit(s), 0 error(s), 0 left on base; Gresham 3 - Santa Monica 2
BOTTOM OF THE 4TH
Santa Monica Bruins batting - Pitching for Gresham Gold Souls : LHP Kip Manning
Batting: RHB Phil White 0-0: Reached on error, E5 (Groundball, 56)
Batting: LHB Ray Bryant 0-0: Called Strike
0-1: Ball
1-1: Ball
2-1: Ball
Wild Pitch!
Phil White to second
3-1: Called Strike
3-2: Foul Ball, location: 2F
3-2: Strikes out swinging
Batting: RHB Griswold Coleman 0-0: Swinging Strike
0-1: Foul Ball, location: 2F
0-2: Fly out, F8 (Flyball, 78D)
Batting: LHB Harry Pitts 0-0: Called Strike
0-1: Foul Ball, location: 2F
0-2: Strikes out swinging
Bottom of the 4th over - 0 run(s), 0 hit(s), 1 error(s), 1 left on base; Gresham 3 - Santa Monica 2
TOP OF THE 5TH
Gresham Gold Souls batting - Pitching for Santa Monica Bruins : RHP Enrique Aguilera
Batting: SHB Todd Smith 0-0: SINGLE (Groundball, 34D)
Batting: RHB Pablo Castillo 0-0: Ball
1-0: Called Strike
1-1: Foul Ball, location: 2F
1-2: Foul Ball, location: 2F
1-2: Strikes out looking
Batting: RHB Jim Edgar 0-0: Swinging Strike
0-1: Fly out, F7 (Flyball, 78S)
Batting: LHB Bill Smith 0-0: Called Strike
0-1: Swinging Strike
0-2: Foul Ball, location: 2F
0-2: Foul Ball, location: 2F
0-2: 2-RUN HOME RUN (Flyball, 89XD), Distance : 411 ft
Batting: SHB Sean Carr 0-0: Called Strike
0-1: Foul Ball, location: 2F
0-2: Foul Ball, location: 2F
0-2: Ball
1-2: Ball
2-2: Strikes out looking
Top of the 5th over - 2 run(s), 2 hit(s), 0 error(s), 0 left on base; Gresham 5 - Santa Monica 2
BOTTOM OF THE 5TH
Santa Monica Bruins batting - Pitching for Gresham Gold Souls : LHP Kip Manning
Batting: RHB Armando Colón 0-0: Called Strike
0-1: Swinging Strike
0-2: Foul Ball, location: 2F
0-2: Foul Ball, location: 2F
0-2: Ground out 6-3 (Groundball, 6)
Batting: RHB Pablo Peña 0-0: Ball
1-0: Foul Ball, location: 2F
1-1: Ground out 6-3 (Groundball, 6)
Batting: RHB José García 0-0: Called Strike
0-1: Foul Ball, location: 2F
0-2: Strikes out swinging
Bottom of the 5th over - 0 run(s), 0 hit(s), 0 error(s), 0 left on base; Gresham 5 - Santa Monica 2
TOP OF THE 6TH
Gresham Gold Souls batting - Pitching for Santa Monica Bruins : RHP Enrique Aguilera
Batting: RHB Peter Hensley 0-0: Ball
1-0: Swinging Strike
1-1: Ball
2-1: Foul Ball, location: 2F
2-2: Foul Ball, location: 2F
2-2: Foul Ball, location: 2F
2-2: Strikes out looking
Batting: RHB Lorenzo Morín 0-0: Fly out, F8 (Flyball, 8LD)
Batting: RHB Mario Méndez 0-0: Ball
1-0: Called Strike
1-1: Foul Ball, location: 2F
1-2: Strikes out swinging
Top of the 6th over - 0 run(s), 0 hit(s), 0 error(s), 0 left on base; Gresham 5 - Santa Monica 2
BOTTOM OF THE 6TH
Santa Monica Bruins batting - Pitching for Gresham Gold Souls : LHP Kip Manning
Batting: RHB Francisco Castillo 0-0: Called Strike
0-1: Fly out, F7 (Flyball, 7D)
Batting: RHB Luis Martínez 0-0: Called Strike
0-1: Called Strike
0-2: Foul Ball, location: 2F
0-2: Ball
1-2: Ball
2-2: Ground out 5-3 (Groundball, 5)
Batting: RHB Phil White 0-0: Ball
1-0: Called Strike
1-1: Swinging Strike
1-2: Ball
2-2: Strikes out swinging
Bottom of the 6th over - 0 run(s), 0 hit(s), 0 error(s), 0 left on base; Gresham 5 - Santa Monica 2
TOP OF THE 7TH
Gresham Gold Souls batting - Pitching for Santa Monica Bruins : RHP Enrique Aguilera
Batting: RHB Matt Davidson 0-0: Called Strike
0-1: Ball
1-1: Called Strike
1-2: Ball
2-2: Ground out 5-3 (Groundball, 5)
Batting: SHB Todd Smith 0-0: Called Strike
0-1: Swinging Strike
0-2: Ball
1-2: Ball
2-2: Ground out 1-3 (Groundball, 15S)
Batting: RHB Pablo Castillo 0-0: Fly out, F4 (Popup, 4)
Top of the 7th over - 0 run(s), 0 hit(s), 0 error(s), 0 left on base; Gresham 5 - Santa Monica 2
BOTTOM OF THE 7TH
Santa Monica Bruins batting - Pitching for Gresham Gold Souls : LHP Kip Manning
Batting: LHB Ray Bryant 0-0: Ball
1-0: Ball
2-0: Called Strike
2-1: Foul Ball, location: 2F
2-2: Ball
3-2: Base on Balls
Batting: RHB Griswold Coleman 0-0: Ball
1-0: Foul Ball, location: 2F
1-1: Foul Ball, location: 2F
1-2: Grounds into double play, 5-4-3 (Groundball, 56)
Batting: LHB Harry Pitts 0-0: Ball
1-0: Called Strike
1-1: Ground out 4-3 (Groundball, 4)
Bottom of the 7th over - 0 run(s), 0 hit(s), 0 error(s), 0 left on base; Gresham 5 - Santa Monica 2
TOP OF THE 8TH
Gresham Gold Souls batting - Pitching for Santa Monica Bruins : RHP Enrique Aguilera
Pitching: RHP Manuel López
Batting: RHB Jim Edgar 0-0: Called Strike
0-1: Ground out 6-3 (Groundball, 56)
Batting: LHB Bill Smith 0-0: DOUBLE (Flyball, 8RM)
Batting: SHB Sean Carr 0-0: Ball
1-0: Foul Ball, location: 2F
1-1: Swinging Strike
1-2: Fly out, F9 (Flyball, 89M)
Batting: RHB Peter Hensley 0-0: Ground out 5-3 (Groundball, 5L)
Top of the 8th over - 0 run(s), 1 hit(s), 0 error(s), 1 left on base; Gresham 5 - Santa Monica 2
BOTTOM OF THE 8TH
Santa Monica Bruins batting - Pitching for Gresham Gold Souls : LHP Kip Manning
Pitching: RHP David Green
Batting: RHB Armando Colón 0-0: Ball
1-0: SINGLE (Line Drive, 89M)
Pitching: RHP Arturo Martínez
Batting: RHB Pablo Peña 0-0: Grounds into double play, 1-6-3 (Groundball, 23)
Batting: RHB José García 0-0: Ball
1-0: Ball
2-0: Called Strike
2-1: Ground out 4-3 (Groundball, 4M)
Bottom of the 8th over - 0 run(s), 1 hit(s), 0 error(s), 0 left on base; Gresham 5 - Santa Monica 2
TOP OF THE 9TH
Gresham Gold Souls batting - Pitching for Santa Monica Bruins : RHP Manuel López
Batting: RHB Lorenzo Morín 0-0: Ground out 6-3 (Groundball, 6)
Batting: RHB Mario Méndez 0-0: Swinging Strike
0-1: Foul Ball, location: 2F
0-2: Ball
1-2: Foul Ball, location: 2F
1-2: Foul Ball, location: 2F
1-2: Foul Ball, location: 2F
1-2: Ball
2-2: Fly out, F4 (Popup, 34)
Batting: RHB Matt Davidson 0-0: Swinging Strike
0-1: Called Strike
0-2: Foul Ball, location: 2F
0-2: Ball
1-2: Foul Ball, location: 2F
1-2: Foul Ball, location: 2F
1-2: Strikes out swinging
Top of the 9th over - 0 run(s), 0 hit(s), 0 error(s), 0 left on base; Gresham 5 - Santa Monica 2
BOTTOM OF THE 9TH
Santa Monica Bruins batting - Pitching for Gresham Gold Souls : RHP Arturo Martínez
Pitching: LHP Shawn Taylor
Batting: RHB Francisco Castillo 0-0: Ball
1-0: DOUBLE (Flyball, 8RD)
Batting: RHB Luis Martínez 0-0: Ball
1-0: Foul Ball, location: 2F
1-1: DOUBLE (Flyball, 8RXD)
Francisco Castillo scores
Batting: RHB Phil White 0-0: Swinging Strike
0-1: Ball
1-1: Ball
2-1: Ball
3-1: Base on Balls
Pinch Runner at 2nd Iván De Jesús:
Batting: LHB Ray Bryant 0-0: Ball
1-0: Ball
2-0: Foul Ball, location: 2F
2-1: SINGLE (Groundball, 34)
Iván De Jesús to third
Phil White to second
Runner from 3rd tries for Home, SAFE, no throw or cutoff
Batting: RHB Griswold Coleman 0-0: Ball
1-0: Ball
2-0: Called Strike
2-1: Ball
3-1: Base on Balls
Phil White to third
Ray Bryant to second
Batting: LHB Harry Pitts 0-0: Called Strike
0-1: Called Strike
0-2: Ball
1-2: Ball
2-2: Ball
3-2: Strikes out swinging
Batting: RHB Armando Colón 0-0: Ball
1-0: Foul Ball, location: 2F
1-1: Ball
2-1: SINGLE (Line Drive, 89M)
Phil White scores
Ray Bryant to third
Griswold Coleman to second
Pitching: RHP Raúl Contreras
Pinch Hitting: LHB Noriaki Sangi 0-0: Called Strike
0-1: Ball
1-1: SINGLE (Line Drive, 4MD)
Ray Bryant scores
Monday, December 5th, 2016 - OOTP Baseball 17.12 Build 75